 Dungeon Crawl Stone Soup version 0.31.0-11-ge490571c62 (webtiles) character file.

Game seed: 3454973361722760614

4665 cdecastro the Thaumaturge (level 10, 0/59 HPs)
             Began as a Deep Elf Fire Elementalist on Jan 26, 2024.
             Was a Believer of Sif Muna.
             Slain by a polar bear (25 damage)
             ... on level 8 of the Dungeon.
             The game lasted 00:21:51 (9088 turns).

cdecastro the Thaumaturge (DEFE)                    Turns: 9088, Time: 00:21:52

Health: 0/59       AC:  4    Str:  7    XL:     10   Next: 20%
Magic:  12/28      EV: 14    Int: 26    God:    Sif Muna [**....]
Gold:   134        SH:  0    Dex: 15    Spells: 20/33 levels left

rFire   . . .        o - +1 dagger (venom)
rCold   . . .        (no shield)
rNeg    . . .        a - +0 robe
rPois   +            m - +1 helmet {Int+3}
rElec   .            h - scarf {repulsion}
rCorr   .            (no gloves)
SInv    .            (no boots)
Will    +....        (no amulet)
Stlth   ++           f - ring of flight
HPRegen 0.29/turn    F - ring of poison resistance
MPRegen 0.21/turn

%: repel missiles
@: flying, very slightly contaminated
A: no striking features
a: Renounce Religion, Channel Magic


You were on level 8 of the Dungeon.
You worshipped Sif Muna.
Sif Muna was pleased with you.
You visited 2 branches of the dungeon, and saw 9 of its levels.
You also visited: Sewer.

You collected 446 gold pieces.
You spent 312 gold pieces at shops.

Inventory:

Hand Weapons
 o - a +1 dagger of venom (weapon)
Missiles
 K - 4 throwing nets
Armour
 a - a +0 robe (worn)
 h - a scarf of repulsion (worn)
 k - a +0 cloak
 m - a +1 helmet of intelligence (worn)
 y - an orb of energy
 O - a +0 ring mail of willpower
Magical Staves
 G - a staff of air
Jewellery
 f - a ring of flight (left hand)
 x - an amulet of faith
 F - a ring of poison resistance (right hand)
Talismans
 J - a flux talisman
 N - a blade talisman
Wands
 t - a wand of flame (28)
Scrolls
 c - 3 scrolls of identify {unknown}
 j - 2 scrolls of fear {unknown}
 n - a scroll of amnesia {unknown}
 p - 2 scrolls of teleportation {unknown}
 q - a scroll of enchant armour {unknown}
 w - a scroll of summoning {unknown}
 z - 3 scrolls of noise {unknown}
 A - 3 scrolls of revelation {unknown}
 E - 2 scrolls of immolation
 H - a scroll of poison {unknown}
 M - a scroll of blinking {unknown}
 P - a scroll of torment {unknown}
Potions
 b - a potion of magic
 d - a potion of brilliance {unknown}
 e - 5 potions of curing
 g - a potion of lignification {unknown}
 i - 2 potions of enlightenment {unknown}
 l - 3 potions of attraction
 r - 5 potions of might {unknown}
 s - 2 potions of berserk rage {unknown}
 u - 2 potions of cancellation {unknown}
 v - 2 potions of heal wounds {unknown}
 B - 2 potions of degeneration
 C - a potion of resistance
 D - a potion of mutation {unknown}
 I - 3 potions of haste {unknown}
 L - a potion of ambrosia


   Skills:
 - Level 5.0 Fighting
 + Level 5.8 Dodging
 - Level 2.4 Stealth
 - Level 12.0 Spellcasting
 - Level 7.3 Conjurations
 - Level 8.0 Fire Magic


You had 20 spell levels left.
You knew the following spells:

 Your Spells              Type           Power      Damage    Failure   Level
a - Foxfire               Conj/Fire      100%       2x1d9     1%          1
b - Scorch                Fire           100%       2d9       1%          2
c - Inner Flame           Hex/Fire       36%        N/A       2%          3
d - Volatile Blastmotes   Fire/Tloc      72%        2d16      2%          3
e - Flame Wave            Conj/Fire      53%        2d13      1%          4

Your spell library contained the following spells:

 Spells                   Type           Power      Damage    Failure   Level
 Apportation              Tloc           30%        N/A       3%          1
 Mephitic Cloud           Conj/Alch/Air  28%        N/A       4%          3
 Jinxbite                 Hex            30%        N/A       5%          2
 Mercury Vapours          Alch/Air       30%        N/A       5%          2
 Fugue of the Fallen      Necr           15%        N/A       11%         3
 Ozocubu's Armour         Ice            15%        N/A       11%         3
 Arcjolt                  Conj/Air       17%        1d27      22%         5
 Manifold Assault         Tloc           15%        N/A       36%         4
 Vhi's Electric Charge    Tloc/Air       30%        N/A       36%         4
 Freezing Cloud           Conj/Ice/Air   14%        6-21      36%         5
 Alistair's Intoxication  Alch           10%        N/A       71%         5
 Maxwell's Capacitive Co  Air            7%         ∞         100%        8


Dungeon Overview and Level Annotations

Branches:
Dungeon (8/15)             Temple (1/1) D:5           Sewer (visited)
   Lair: D:8-11

Altars:
Ashenzari
Cheibriados
Dithmenos
Elyvilon
Fedhas
Gozag
Hepliaklqana
Kikubaaqudgha
Nemelex Xobeh
Okawaru
Qazlal
Ru
Sif Muna
Trog
Vehumet
Xom
Yredelemnul
Zin

Shops:
D:4 !   D:6 (

Annotations:
D:4 1 transporter, SuperJoe's ghost, weakling FoDe
D:5 1 runed translucent door, pigah's ghost, novice OpSh


Message History

The foxfire hits the polar bear.
The polar bear is moderately wounded.
The foxfire hits the polar bear.
The polar bear is heavily wounded.
Unknown command.
Casting: Foxfire (safe; 1% risk of failure)
Confirm with . or Enter, or press ? or * to list all spells.
You conjure some foxfire!
The foxfire hits the polar bear.
The polar bear is heavily wounded.
The foxfire hits the polar bear.
The polar bear is heavily wounded.
Unknown command.
Casting: Foxfire (safe; 1% risk of failure)
Confirm with . or Enter, or press ? or * to list all spells.
Flames lash the polar bear.
The polar bear is severely wounded.
The polar bear's fire resistance burns away.
Unknown command.
Casting: Scorch (safe; 1% risk of failure)
Confirm with . or Enter, or press ? or * to list all spells.
Flames lash the orc.
You kill the orc!
Sif Muna accepts your kill.
The polar bear goes berserk!
Unknown command.
Casting: Scorch (safe; 1% risk of failure)
Confirm with . or Enter, or press ? or * to list all spells.
Flames lash the polar bear.
The polar bear is burned terribly!
The polar bear is almost dead.
The polar bear bites you! The polar bear claws you. The polar bear misses you.
The polar bear bites you!!
* * * LOW HITPOINT WARNING * * *
The polar bear claws you but does no damage. x2
Casting: Scorch (safe; 1% risk of failure)
Confirm with . or Enter, or press ? or * to list all spells.
You miscast Scorch.
You are very lightly contaminated with residual magic.
Nothing appears to happen.
The polar bear bites you!!
You die...

######...$###...(.....####
####.#)# ##.......## #
#......# ##.....######
#.####<# ##..o.......
#.#....# ##..######.
#.#.##)# #..# #.#.##o#
#..######.
#.#.##h#######.........
#.....@#.o)##....#.#.#.
########.#..)......# o.
####....###


o.o ##....... #oo #.###### #o #.# # #.# #.# #.# You could see a polar bear
(berserk, combustible) and an orc.

Vanquished Creatures
  Pikel (D:5)
  A rime drake (D:8)
  A troll (D:7)
  2 hornets
  Sigmund (D:5)
  Menkaure (D:4)
  6 ice beasts
  2 orc warriors (D:8)
  Pargi (Sewer)
  A sky beast (D:8)
  A black bear (D:6)
  3 ogres
  2 centaurs (D:6)
  4 phantoms
  A kobold brigand (D:7)
  2 bullfrogs
  A gnoll sergeant (D:5)
  3 scorpions
  2 howler monkeys (D:6)
  2 bombardier beetles
  2 hounds (D:6)
  A jelly (D:6)
  A gnoll bouda (D:6)
  3 orc priests
  3 sleepcaps
  2 iguanas
  An orc wizard (D:6)
  Robin (D:3)
  13 gnolls
  4 adders
  A river rat (D:3)
  A shadow imp (D:7)
  4 ufetubi
  3 dart slugs
  27 orcs
  10 endoplasms
  2 giant cockroaches
  21 goblins
  8 hobgoblins
  12 jackals
  15 kobolds
  4 quokkas
  9 ball pythons
  5 bats
  9 frilled lizards
  13 rats
213 creatures vanquished.

Vanquished Creatures (others)
  780 foxfires
780 creatures vanquished.

Grand Total: 993 creatures vanquished

Notes
Turn   | Place    | Note
-------+----------+-------------------------------------------
     0 | D:1      | cdecastro the Deep Elf Fire Elementalist began the quest
                  | for the Orb.
     0 | D:1      | Reached XP level 1. HP: 10/10 MP: 6/6
    96 | D:1      | Reached XP level 2. HP: 10/15 MP: 2/8
    99 | D:1      | Learned a level 2 spell: Scorch
   688 | D:1      | Reached XP level 3. HP: 19/19 MP: 6/9
  1083 | D:1      | Reached skill level 5 in Fire Magic
  2036 | D:2      | Reached XP level 4. HP: 24/24 MP: 8/10
  2794 | D:2      | Learned a level 3 spell: Inner Flame
  2798 | D:2      | Learned a level 3 spell: Volatile Blastmotes
  2821 | D:3      | Found a glowing drain.
  2905 | Sewer    | Entered a sewer
  2975 | Sewer    | Noticed Pargi
  2982 | Sewer    | Killed Pargi
  2983 | Sewer    | Reached XP level 5. HP: 28/28 MP: 2/11
  3454 | D:3      | Identified the +0 leather armour of Yesterday {-Tele rElec
                  | Will++ Regen+}
  3698 | D:3      | Noticed Robin
  3711 | D:3      | Killed Robin
  3712 | D:3      | Reached XP level 6. HP: 32/32 MP: 7/12
  3936 | D:4      | Found Qovuz's Distillery.
  4124 | D:4      | Found a shadowy altar of Dithmenos.
  4130 | D:4      | Found a sparkling altar of Nemelex Xobeh.
  4135 | D:4      | Found a basalt altar of Yredelemnul.
  4153 | D:4      | Noticed Menkaure
  4159 | D:4      | Killed Menkaure
  4270 | D:4      | Found a transporter.
  4271 | D:4      | Noticed SuperJoe's ghost (weakling FoDe)
  4277 | D:4      | Reached XP level 7. HP: 36/36 MP: 8/13
  4532 | D:4      | Bought a potion of curing for 36 gold pieces
  4532 | D:4      | Bought a potion of attraction for 36 gold pieces
  4532 | D:4      | Bought 2 potions of degeneration for 24 gold pieces
  4532 | D:4      | Bought a potion of resistance for 120 gold pieces
  4570 | D:4      | Found a shimmering altar of Xom.
  4662 | D:5      | Entered Level 5 of the Dungeon
  4662 | D:5      | Noticed Sigmund
  4668 | D:5      | Killed Sigmund
  4669 | D:5      | Reached skill level 5 in Conjurations
  4795 | D:5      | Found a staircase to the Ecumenical Temple.
  4817 | Temple   | Entered the Ecumenical Temple
  4826 | Temple   | Became a worshipper of Sif Muna the Loreminder
  4913 | D:5      | Found a runed translucent door.
  4914 | D:5      | Noticed pigah's ghost (novice OpSh)
  4914 | D:5      | Noticed a troll
  5141 | D:5      | Reached XP level 8. HP: 41/41 MP: 8/14
  5146 | D:5      | Learned a level 4 spell: Flame Wave
  5196 | D:5      | Reached skill level 4 in Spellcasting
  5345 | D:5      | Reached skill level 5 in Spellcasting
  5538 | D:5      | Noticed Pikel
  5544 | D:5      | Killed Pikel
  5545 | D:5      | Reached skill level 8 in Spellcasting
  5665 | D:5      | Reached skill level 9 in Spellcasting
  5909 | D:4      | Bought a potion of ambrosia for 96 gold pieces
  6077 | D:6      | Reached XP level 9. HP: 45/45 MP: 18/24
  6084 | D:6      | Reached skill level 10 in Spellcasting
  6196 | D:6      | Found Ylog's Weapon Boutique.
  6688 | D:6      | Reached * piety under Sif Muna
  6732 | D:6      | Reached skill level 11 in Spellcasting
  7545 | D:7      | Reached skill level 12 in Spellcasting
  7598 | D:7      | You are sucked into a shaft and drop 1 floor!
  7656 | D:8      | Paralysed by a hornet for 2 turns
  7657 | D:8      | Noticed a rime drake
  7664 | D:8      | Killed a rime drake
  7751 | D:8      | Noticed a polar bear
  7926 | D:7      | Identified the +10 mace of Prudence {heavy, rC- rN+ Str+8
                  | Dex-5}
  8024 | D:7      | Noticed a troll
  8036 | D:7      | Reached skill level 5 in Fighting
  8036 | D:7      | Reached XP level 10. HP: 13/59 MP: 21/28
  8765 | D:8      | Reached ** piety under Sif Muna
  8766 | D:8      | Reached skill level 5 in Dodging
  9088 | D:8      | Slain by a polar bear

Illustrated notes

Levels and vault maps discovered:
D:1:      saegor_arrival_simple_a, layout_basic, minmay_rat_gold_closets
D:2:      minmay_skewed_foursquare, layout_basic
D:3:      layout_rooms, portal_sewer_entry_a, chequers_serial_rivers_micro_c,
          kennysheep_generic_room_15, uniq_robin
D:4:      layout_rooms, lemuel_doored_altar, minmay_overflow_temple_star_quad,
          serial_shops, nicolae_shop_window_shopping,
          gammafunk_ghost_gnarly_gnolls, uniq_menkaure, uniq_pargi
D:5:      layout_rooms, minmay_temple_entry_gardened_gates,
          ebering_ghost_inner_flame, uniq_pikel, uniq_sigmund
D:6:      layout_basic, serial_shops, nicolae_shop_window_shopping
D:7:      layout_rooms, feat_on_display
D:8:      layout_loops_corners, pdpol_wu_jian_five_deadly_venoms,
          hellmonk_lair_entry_icy, special_room [special_room_orc],
          dreamdust_gnoll_shepherd
Temple:   nicolae_temple_two_arcs

Skill      XL: |  1  2  3  4  5  6  7  8  9 10 |
---------------+-------------------------------+-----
Fire Magic     | 4 5 6 7 8 |  8.0
Conjurations   | 3 7 |  7.3
Spellcasting   | 9 12 | 12.0
Fighting       | 5 |  5.0
Dodging        | 5 |  5.8
Stealth        | |  2.4

Action                     |  1- 3 |  4- 6 |  7- 9 | 10-12 || total
---------------------------+-------+-------+-------+-------++-------
  Melee: Dagger            |       |     5 |       |       ||     5
         Punch             |       |     1 |       |       ||     1
   Cast: Foxfire           |   106 |   112 |   184 |    46 ||   448
         Scorch            |     2 |     9 |    27 |    11 ||    49
         Volatile Blastmot |       |       |     4 |     7 ||    11
         Flame Wave        |       |       |     2 |     4 ||     6
         Inner Flame       |       |       |       |     1 ||     1
 Armour: Robe              |     9 |     3 |    20 |    13 ||    45
  Dodge: Dodged            |    14 |     5 |    16 |     9 ||    44
